 Dungeon Crawl Stone Soup version 0.29.1-4-g47bece8355 (webtiles) character file.

Game seed: 4406830325589679309

287 javelincjr the Conjurer (level 6, 0/32 HPs)
             Began as a Deep Elf Conjurer on Dec 6, 2022.
             Shot with an arrow by a centaur (14 damage)
             ... on level 5 of the Dungeon.
             The game lasted 00:21:21 (3045 turns).

javelincjr the Conjurer (Deep Elf Conjurer)         Turns: 3045, Time: 00:21:22

Health: 0/32       AC:  5    Str:  4    XL:     6   Next: 8%
Magic:  7/15       EV: 12    Int: 31    God:
Gold:   276        SH:  0    Dex: 13    Spells: 10/14 levels left

rFire   x . .      SeeInvis .   w - +2 quarterstaff (chaos)
rCold   + . .      Faith    .   (shield currently unavailable)
rNeg    . . .      Spirit   .   a - +0 robe
rPois   .          Reflect  .   u - +0 helmet
rElec   .          Harm     .   x - +1 cloak
rCorr   .          Rampage  .   (no gloves)
Will    .....                   (no boots)
Stlth   ++........              (no amulet)
HPRegen 0.10/turn               e - +6 ring of intelligence
MPRegen 0.14/turn               h - ring of ice

@: no status effects
A: no striking features
a: no special abilities


You were on level 5 of the Dungeon.
You visited 1 branch of the dungeon, and saw 5 of its levels.

You collected 276 gold pieces.

Inventory:

Hand Weapons
 d - a +0 dagger
 t - a +0 shortbow
 w - a +2 quarterstaff of chaos (weapon)
 A - a +3 spear
Missiles
 B - 2 poisoned darts
Armour
 a - a +0 robe (worn)
 m - a +0 ring mail of fire resistance
 u - a +0 helmet (worn)
 x - a +1 cloak (worn)
Magical Staves
 y - a staff of earth
 D - a staff of fire
Jewellery
 e - a +6 ring of intelligence (left hand)
 h - a ring of ice (right hand)
 p - a +6 ring of dexterity
 C - a ring of poison resistance
Scrolls
 c - 2 scrolls of amnesia {unknown}
 i - a scroll of identify {unknown}
 j - a scroll of butterflies {unknown}
 k - a scroll of teleportation {unknown}
 o - 2 scrolls of blinking {unknown}
 r - a scroll of enchant armour {unknown}
 s - 2 scrolls of enchant weapon {unknown}
 v - a scroll of immolation {unknown}
Potions
 b - 2 potions of magic
 f - a potion of invisibility {unknown}
 g - 2 potions of mutation {unknown}
 l - 2 potions of heal wounds {unknown}
 n - a potion of berserk rage {unknown}
 q - 3 potions of cancellation {unknown}
 z - 2 potions of might {unknown}


   Skills:
 + Level 0.1 Fighting
 + Level 0.3 Short Blades
 + Level 0.3 Staves
 + Level 1.4 Ranged Weapons
 + Level 2.7 Dodging
 + Level 3.5 Stealth
 + Level 4.9 Spellcasting
 + Level 6.5 Conjurations


You had 10 spell levels left.
You knew the following spells:

 Your Spells              Type           Power      Damage    Failure   Level
a - Magic Dart            Conj           100%       1d8       1%          1
b - Searing Ray           Conj           96%        2d7       1%          2
c - Apportation           Tloc           14%        N/A       5%          1

Your spell library contained the following spells:

 Spells                   Type           Power      Damage    Failure   Level
 Dazzling Flash           Conj/Hex       56%        N/A       4%          3
 Fulminant Prism          Conj/Hex       14%        3d9       14%         4
 Iskenderun's Mystic Bla  Conj/Tloc      28%        2d7       14%         4
 Alistair's Intoxication  Tmut/Pois      4%         N/A       83%         5


Dungeon Overview and Level Annotations

Branches:
Dungeon (5/15)
 Temple: D:4-7

Altars:
Ashenzari
Gozag
Makhleb


Message History

You see here a +0 spear.
You now have 262 gold pieces (gained 13).
There is an open door, spattered with blood here.
There is a stone staircase leading down here.
You climb downwards.
Found 14 gold pieces.
There is a stone staircase leading up here.
You now have 276 gold pieces (gained 14).
Found 6 gold pieces.
Casting: Magic Dart (safe; 1% risk of failure)
Confirm with . or Enter, or press ? or * to list all spells.
Aiming: Searing Ray (safe; 1% risk of failure)
Press: ? - help, Shift-Dir - straight line, f - worm
Aim: a worm (94% to hit)
The searing ray hits the worm.
The worm is lightly wounded. (Press . to maintain the ray.)
The searing ray hits the worm!
The worm is severely wounded.
You hear a shout!
The searing ray hits the worm!
You kill the worm!
The centaur wields a +0 shortbow.
The centaur shoots an arrow.
The arrow hits you!
You finish channelling your searing ray.
The centaur shoots an arrow.
The arrow closely misses you.
Casting: Searing Ray (safe; 1% risk of failure)
Confirm with . or Enter, or press ? or * to list all spells.
Aiming: Searing Ray (safe; 1% risk of failure)
Press: ? - help, Shift-Dir - straight line, f - centaur
Aim: a centaur, wielding a +0 shortbow (90% to hit)
The searing ray hits the centaur.
The centaur is lightly wounded. (Press . to maintain the ray.)
The centaur shoots an arrow.
The arrow hits you!
The searing ray hits the centaur!
The centaur is heavily wounded.
The centaur shoots an arrow.
The arrow closely misses you.
The centaur shoots an arrow.
The arrow hits you!
You die...

#+# #.#
#.###########
##.#!c..c.<..#
##....#######.#
#...@.# ... ..
#.######....#....
##
#...<.....#.......
#########...#...$.
##........
########


You could see a centaur.

Vanquished Creatures
  A scorpion (D:4)
  A howler monkey (D:4)
  Crazy Yiuf (D:2)
  Natasha (D:3)
  Robin (D:2)
  4 gnolls (D:4)
  A worm (D:5)
  2 dart slugs (D:2)
  An orc (D:3)
  5 endoplasms
  2 giant cockroaches
  14 goblins
  8 hobgoblins
  2 jackals (D:2)
  2 quokkas (D:2)
  8 ball pythons
  4 bats
  3 frilled lizards
  10 kobolds
  4 rats
75 creatures vanquished.

Vanquished Creatures (others)
  3 fungi (D:3)
  4 plants (D:3)
7 creatures vanquished.

Grand Total: 82 creatures vanquished

Notes
Turn   | Place    | Note
-------+----------+-------------------------------------------
     0 | D:1      | javelincjr the Deep Elf Conjurer began the quest for the
                  | Orb.
     0 | D:1      | Reached XP level 1. HP: 10/10 MP: 6/6
   163 | D:1      | Reached XP level 2. HP: 4/15 MP: 1/8
   503 | D:1      | Reached skill level 5 in Conjurations
   790 | D:2      | Learned a level 2 spell: Searing Ray
   864 | D:1      | Learned a level 1 spell: Apportation
  1287 | D:2      | Reached XP level 3. HP: 19/19 MP: 1/9
  1367 | D:2      | Noticed Robin
  1398 | D:2      | Killed Robin
  1567 | D:2      | Found a broken altar of Ashenzari.
  1983 | D:2      | Reached XP level 4. HP: 24/24 MP: 8/11
  2028 | D:3      | Noticed Natasha
  2263 | D:2      | Found a runed translucent door.
  2264 | D:2      | Noticed Crazy Yiuf
  2276 | D:2      | Killed Crazy Yiuf
  2277 | D:2      | Reached skill level 6 in Conjurations
  2475 | D:3      | Found an opulent altar of Gozag.
  2501 | D:3      | Killed Natasha
  2502 | D:3      | Reached XP level 5. HP: 27/28 MP: 7/13
  2583 | D:4      | Reached skill level 1 in Ranged Weapons
  2727 | D:5      | Entered Level 5 of the Dungeon
  2727 | D:5      | Noticed a centaur
  2833 | D:4      | Found a burning altar of Makhleb.
  2949 | D:4      | Reached XP level 6. HP: 32/32 MP: 10/15
  3045 | D:5      | Shot with an arrow by a centaur

Illustrated notes

Levels and vault maps discovered:
D:1:      dpeg_arrival_orchard, layout_basic, minmay_tiny_reverse_x
D:2:      layout_rooms, basic_altar, uniq_crazy_yiuf_cottage, uniq_robin
D:3:      layout_loops_ring, fedhas_altar_3, lemuel_doored_altar, uniq_jessica,
          uniq_natasha
D:4:      layout_gridville, mainiacjoe_overflow_alcove_1, reono_crystal_passage,
          dreamdust_princess_corridor, minmay_diced_spiral
D:5:      layout_loops_corners, kennysheep_orc_sif_temple, serial_shops,
          nicolae_shop_stone

Skill      XL: |  1  2  3  4  5 |
---------------+----------------+-----
Conjurations   | 5 6 |  6.5
Stealth        | 3 |  3.5
Spellcasting   | 4 |  4.9
Ranged Weapons | 1 |  1.4
Fighting       | |  0.1
Short Blades   | |  0.3
Staves         | |  0.3
Dodging        | |  2.7

Action                   |  1- 3 |  4- 6 || total
-------------------------+-------+-------++-------
Melee: Dagger            |     7 |       ||     7
       Quarterstaff      |       |     7 ||     7
 Fire: Shortbow          |     7 |     6 ||    13
 Cast: Magic Dart        |    70 |    27 ||    97
       Searing Ray       |     3 |     9 ||    12
Armor: Robe              |     1 |     4 ||     5
Dodge: Dodged            |     8 |     8 ||    16
